[Event "Late-Titled-Tuesday-Blitz-March-05-2024"]
[Site "Chess.com"]
[Date "2024.03.05"]
[Round "11"]
[White "Njal28"]
[Black "TanitoluwaAps116"]
[Result "1-0"]
[WhiteElo "3012"]
[BlackElo "2851"]
[TimeControl "180+1"]
[EndTime "16:01:49 PST"]
[Termination "Njal28 won on time"]

1. e4 c5 2. Nf3 e6 3. d4 cxd4 4. Nxd4 Nf6 5. Nc3 Nc6 6. Be2 d5 7. exd5 exd5 8. a3 Bd6 9. Be3 O-O 10. Qd2 Re8 11. O-O-O Be6 12. f3 Rc8 13. g4 Ne5 14. g5 Nfd7 15. f4 Nc6 16. Nxe6 fxe6 17.
f5 Nde5 18. fxe6 d4 19. Bxd4 Nxd4 20. Qxd4 Qxg5+ 21. Kb1 Bc5 22. Qe4 Bxa3 23. Rhg1 Qf6 24. Nd5 Qxe6 25. bxa3 Kh8 26. Rg3 Qd6 27. Rh3 Ng6 28. Qg4 Rc5 29. Nb4 Qb6 30. Bd3 Nf8 31. Rf1 h6 32. Rg3 g5 33. Qh5 1-0

[Event "Late-Titled-Tuesday-Blitz-March-05-2024"]
[Site "Chess.com"]
[Date "2024.03.05"]
[Round "11"]
[White "Eliwood44"]
[Black "Fjal"]
[Result "1-0"]
[WhiteElo "2527"]
[BlackElo "2314"]
[TimeControl "180+1"]
[EndTime "16:01:52 PST"]
[Termination "Eliwood44 won on time"]

1. d4 d6 2. c4 e5 3. Nc3 exd4 4. Qxd4 Nc6 5. Qd3 Nf6 6. e4 g6 7. f3 Bg7 8. Qc2 Be6 9. Bd3 Nb4 10.
Qd2 Nd7 11. b3 a5 12. Bb2 O-O 13. a3 Nc6 14. Nge2 Qh4+ 15. Ng3 Nd4 16. Ne2 Nxb3 17. Qd1 Nxa1 18. Bxa1 Bxa1 19. Qxa1 Nc5 20. Bc2 Bxc4 21. Nd4 a4 22. Kf2 Qf4 23. Rd1 h5 24. Kg1 Qe3+ 25.
Kh1 Bb3 26. Ndf5 gxf5 27. Nxf5 Qg5 28. h4 Qxf5 29. exf5 Bxc2 30. Qf6 Rfe8 31. Qg5+ Kf8 32. f6 Ne6 33. Qxh5 Kg8 34. Rd5 Bg6 35. Qh6 c6 36.
Rg5 Ra5 37. Rxa5 d5 38. h5 Bc2 39. Ra7 d4 40. Rxb7 d3 41. Re7 Rb8 42. Rxe6 Rb1+ 43.
Kh2 1-0

[Event "Late-Titled-Tuesday-Blitz-March-05-2024"]
[Site "Chess.com"]
[Date "2024.03.05"]
[Round "11"]
[White "mishanick"]
[Black "TigrVShlyape"]
[Result "1-0"]
[WhiteElo "3092"]
[BlackElo "2876"]
[TimeControl "180+1"]
[EndTime "16:01:54 PST"]
[Termination "mishanick won by resignation"]

1. d4 f5 2. c4 Nf6 3. Nf3 g6 4. g3 Bg7 5. Bg2 O-O 6. Nc3 d6 7. O-O c6 8. Rb1 a5 9. Qb3 Kh8 10. Na4 Na6 11. Nb6 a4 12. Nxa4 b5 13. cxb5 cxb5 14.
Nc3 b4 15. Nd1 Nc7 16. Ne3 Be6 17. d5 Bxd5 18. Nxd5 Nfxd5 19. Ng5 e6 20. Nxe6 Nxe6 21. Qxd5 Nc7 22. Qb3 Rb8 23. Rd1 Qe7 24. Bf4 Rfd8 25. Rbc1 Ne6 26. Be3 Nc5 27. Qc2 b3 28. axb3 Nxb3 29.
Rb1 Be5 30. Rd5 Rdc8 31. Qd1 Qf6 32. f4 Bxb2 33. Rxd6 Qg7 34. Rd3 Rc3 35. Rd8+ Rxd8 36. Qxd8+ Qg8 37. Qxg8+ Kxg8 38. Rxb2 Rxe3 39. Rxb3 1-0

[Event "Late-Titled-Tuesday-Blitz-March-05-2024"]
[Site "Chess.com"]
[Date "2024.03.05"]
[Round "11"]
[White "Charodej1"]
[Black "Eloist"]
[Result "0-1"]
[WhiteElo "2323"]
[BlackElo "2442"]
[TimeControl "180+1"]
[EndTime "16:01:54 PST"]
[Termination "Eloist won on time"]

1. e4 e6 2. d4 d5 3. Nc3 Nf6 4. Bg5 dxe4 5. Nxe4 Be7 6. Bxf6 gxf6 7. Nf3 f5 8. Ng3 c5 9. Bb5+ Bd7 10. Bxd7+ Qxd7 11. Ne5 Qxd4 12. Qe2 Nd7 13. Nxd7 Qxd7 14. Rd1 Qc7 15.
O-O O-O 16. Qh5 Bf6 17. Rd3 c4 18. Rf3 Rad8 19. Ne4 fxe4 20. Rxf6 Rd5 21. Qg4+ Kh8 22. Qxe4 Qe5 23. Qh4 Rd2 24. Rh6 Qg7 25. Rh5 Rg8 26. g3 Rxc2 27. Rb1 b5 28. a4 Qg6 29. axb5 Rxf2 30.
Kxf2 Qc2+ 31. Kf3 Qxb1 0-1

[Event "Late-Titled-Tuesday-Blitz-March-05-2024"]
[Site "Chess.com"]
[Date "2024.03.05"]
[Round "11"]
[White "Szparu"]
[Black "Fh2411"]
[Result "1/2-1/2"]
[WhiteElo "2780"]
[BlackElo "2648"]
[TimeControl "180+1"]
[EndTime "16:01:57 PST"]
[Termination "Game drawn by repetition"]

1. e4 c6 2. d4 d5 3. f3 e6 4. Nc3 Nf6 5. e5 Nfd7 6. f4 c5 7. Nf3 Nc6 8. Be3 a6 9. Ne2 b5 10. h4 b4 11. h5 h6 12. g4 cxd4 13. Nexd4 Nxd4 14. Bxd4 Qc7 15. Bd3 Nc5 16. Bxc5 Bxc5 17. Qe2 Bb7 18. O-O-O a5 19. Bb5+ Bc6 20. f5 O-O-O 21.
Rh3 Qb6 22. Bxc6 Qxc6 23. Nd4 Qb6 24. Rhd3 Kb7 25. fxe6 fxe6 26. a4 Bxd4 27. Rxd4 Rc8 28. b3 Rc7 29. Kb2 Rhc8 30. R1d2 Rxc2+ 31. Rxc2 Qxd4+ 32. Ka2 Rxc2+ 33. Qxc2 Qxe5 34. Qd3 d4 35. Qf3+ Kb6 36. Qf8 Qe2+ 37. Ka1 Qd1+ 38. Kb2 Qd2+ 39. Ka1 Qc3+ 40. Ka2 d3 41. Qd6+ Qc6 42. Qxd3 Qg2+ 43. Ka1 Qd5 44. Qe3+ Kc6 45. Qc1+ Kd6 46. Qc2 Qd4+ 47. Ka2 Qxg4 48. Qd3+ Ke7 49. Qb5 Qg2+ 50. Ka1 Qd5 51. Qe2 Qxb3 52.
Qb5 Qa3+ 53. Kb1 Qb3+ 54. Ka1 Qc3+ 55. Kb1 Qb3+ 56. Ka1 1/2-1/2

[Event "Late-Titled-Tuesday-Blitz-March-05-2024"]
[Site "Chess.com"]
[Date "2024.03.05"]
[Round "11"]
[White "Mikhal867"]
[Black "OverallStranger"]
[Result "0-1"]
[WhiteElo "2482"]
[BlackElo "2396"]
[TimeControl "180+1"]
[EndTime "16:01:58 PST"]
[Termination "OverallStranger won by checkmate"]

1. c4 c5 2. Nf3 g6 3. d4 cxd4 4.
Nxd4 Nf6 5. Nc3 Bg7 6. e4 O-O 7.
Be2 d6 8. Be3 Bd7 9. O-O Nc6 10.
Nc2 Rc8 11. Rc1 a6 12. f3 Ne5 13. Na3 h5 14. Na4 Bxa4 15. Qxa4 Nfd7 16. b4 Nb6 17. Qb3 Nc6 18. Rfd1 h4 19. c5 Nd7 20. cxd6 exd6 21. Nc4 Qe7 22. Nxd6 Rb8 23. Nxb7 Rxb7 24. Rxc6 Rxb4 25. Qc2 Rb2 26. Qc4 Ne5 27. Qxa6 Nxc6 28.
Qxc6 Rxe2 29. Bc5 Qg5 30. Bf2 Rb8 31. g3 Rbb2 32. Rf1 Bd4 33. Qe8+ Kh7 34. Qxf7+ Bg7 35. f4 Qg4 36. e5 hxg3 37. hxg3 Rxf2 38. Rxf2 Qxg3+ 39.
Kh1 Rb1+ 40. Rf1 Rxf1# 0-1

[Event "Late-Titled-Tuesday-Blitz-March-05-2024"]
[Site "Chess.com"]
[Date "2024.03.05"]
[Round "11"]
[White "Bryanl106"]
[Black "pr1105"]
[Result "1-0"]
[WhiteElo "2658"]
[BlackElo "2430"]
[TimeControl "180+1"]
[EndTime "16:02:01 PST"]
[Termination "Bryanl106 won by resignation"]

1. e4 e5 2. Nf3 Nc6 3. Nc3 Nf6 4. a3 d5 5. Bb5 dxe4 6. Nxe5 Qd6 7. d4 a6 8. Ba4 Be7 9. Bf4 O-O 10. Nxc6 Qxf4 11. Nxe7+ Kh8 12. Nxc8 Raxc8 13. O-O Ng4 14. g3 Qf5 15. h3 Nf6 16. Kg2 Rcd8 17. Bb3 c5 18. d5 b5 19. a4 c4 20. Ba2 b4 21. Ne2 Nxd5 22. Qe1 b3 23. cxb3 cxb3 24. Bxb3 Qf3+ 25. Kg1 Qxb3 26. Qb1 Qf3 27. Nd4 Qh5 28. Qxe4 Qxh3 29.
Qh4 Qxh4 30. gxh4 Nf4 31. Nf5 g6 32. Ne3 Rd2 33. b4 Rb2 34. Rab1 Ra2 35. b5 Rxa4 36. b6 Ne2+ 37. Kg2 Nf4+ 38. Kf3 Ne6 39. b7 Rb8 40.
Rfc1 Rd4 41. Rc8+ Rd8 42. Rxb8 Rxb8 43. Nc4 Nd8 44. Na5 Kg8 45. Ke4 Kf8 46. Kd5 Ke7 47.
Kc5 Kd7 48. Kb6 Nxb7 49. Nxb7 Ke6 50. Kxa6 Kf5 51. Nd6+ 1-0

[Event "Late-Titled-Tuesday-Blitz-March-05-2024"]
[Site "Chess.com"]
[Date "2024.03.05"]
[Round "11"]
[White "madstalk3rs"]
[Black "Sinquefield"]
[Result "0-1"]
[WhiteElo "2631"]
[BlackElo "2531"]
[TimeControl "180+1"]
[EndTime "16:02:03 PST"]
[Termination "Sinquefield won by resignation"]

1. e4 e6 2. d4 d5 3. e5 c5 4. c3 Nc6 5. Nf3 cxd4 6. cxd4 Nge7 7. Nc3 Nf5 8. Be3 Qb6 9. a3 Be7 10. Bd3 Nxe3 11. fxe3 f6 12. O-O O-O 13. exf6 Bxf6 14. Na4 Qd8 15. Nc5 b6 16. Na4 Bd7 17. Rc1 Rc8 18.
Ba6 Rc7 19. Nc3 Be8 20. Bb5 Na5 21. Bxe8 Qxe8 22. Nxd5 exd5 23. Rxc7 Qxe3+ 24. Kh1 Nc4 25. b3 Nd6 26. Re1 Qf4 27. Qd2 Qg4 28. h3 Qf5 29.
Ne5 Ne4 30. Qe3 Bxe5 31. dxe5 Qxe5 32. Rcc1 h6 33. Rf1 Ng3+ 34. Qxg3 Qxg3 35. Rxf8+ Kxf8 36. Rc8+ Kf7 37. Rc2 d4 38. Re2 d3 0-1

[Event "Late-Titled-Tuesday-Blitz-March-05-2024"]
[Site "Chess.com"]
[Date "2024.03.05"]
[Round "11"]
[White "Supelyel"]
[Black "N_Mullodzhanov"]
[Result "1-0"]
[WhiteElo "2403"]
[BlackElo "2491"]
[TimeControl "180+1"]
[EndTime "16:02:05 PST"]
[Termination "Supelyel won by checkmate"]

1. c4 e5 2. Nc3 Nf6 3. g3 c6 4. Nf3 Qc7 5. Bg2 d5 6. cxd5 cxd5 7. O-O d4 8. Nb5 Qc5 9. a4 a6 10.
b4 Qe7 11. Na3 Nc6 12. b5 axb5 13. Nxb5 g6 14. Ba3 Qd8 15. Qc2 Bf5 16. Qb2 Rxa4 17.
Nh4 Bxa3 18. Rxa3 Rb4 19. Bxc6+ bxc6 20. Qxb4 cxb5 21. Nxf5 gxf5 22. Qxb5+ Nd7 23. Qb4 f6 24. Rc1 Kf7 25. Ra7 Re8 26. Rcc7 Re7 27. Qd6 Ke8 28. h4 h5 29. d3 Rf7 30. Qe6+ Re7 31. Qxf5 Rg7 32.
Qxh5+ Kf8 33. Qh8+ Rg8 34. Rxd7 Qxd7 35. Qxg8+ Kxg8 36. Rxd7 f5 37. Rd5 Kf7 38. Rxe5 Kf6 39. Rd5 Ke6 40. Rc5 Kd6 41. Rc4 Kd5 42. Kg2 Ke5 43.
Kf3 Kd5 44. g4 Ke5 45. gxf5 Kxf5 46. Rxd4 Kg6 47. Re4 Kh5 48. Rg4 Kh6 49. Kf4 Kh7 50.
Kf5 Kh6 51. Kf6 Kh5 52. Rg5+ Kxh4 53. Rg3 Kh5 54. Kf5 Kh4 55. Rf3 Kh5 56. Rh3# 1-0

[Event "Late-Titled-Tuesday-Blitz-March-05-2024"]
[Site "Chess.com"]
[Date "2024.03.05"]
[Round "11"]
[White "Alexei_Gubajdullin"]
[Black "aceontheturn"]
[Result "1-0"]
[WhiteElo "2652"]
[BlackElo "2778"]
[TimeControl "180+1"]
[EndTime "16:02:09 PST"]
[Termination "Alexei_Gubajdullin won on time"]

1. Nf3 g6 2. g3 Bg7 3. Bg2 e5 4. d3 d6 5. O-O Ne7 6. e4 O-O 7.
Nc3 c5 8. Nh4 Nbc6 9. f4 exf4 10. gxf4 f5 11. Nf3 h6 12. Kh1 Be6 13. Be3 b6 14. d4 fxe4 15. Nxe4 Nf5 16. Bg1 cxd4 17. c3 d5 18. Ng3 dxc3 19. bxc3 Rc8 20. Qd3 Qf6 21.
Rae1 Rfe8 22. Ne5 Nce7 23. Re2 h5 24. Rfe1 h4 25. Nf1 Nd6 26. Nc6 Nxc6 27. Rxe6 Rxe6 28. Rxe6 Qxf4 29. Qxd5 Nf7 30. Rxc6 Rxc6 31. Qxc6 Ne5 32. Qd5+ Kh7 33. Qe4 Qg5 34. Be3 Qh5 35. h3 Bf6 36. Bd4 Kg7 37. Ne3 Qg5 38. Nd5 1-0

[Event "Late-Titled-Tuesday-Blitz-March-05-2024"]
[Site "Chess.com"]
[Date "2024.03.05"]
[Round "11"]
[White "GMAkobianSTL"]
[Black "Oleksandr_Bortnyk"]
[Result "0-1"]
[WhiteElo "2810"]
[BlackElo "2998"]
[TimeControl "180+1"]
[EndTime "16:02:11 PST"]
[Termination "Oleksandr_Bortnyk won by resignation"]

1. d4 Nf6 2. c4 b6 3. Nc3 Bb7 4. Nf3 g6 5. Bg5 Bg7 6. e3 O-O 7. Bd3 d6 8. O-O Nbd7 9. Rc1 Re8 10. Be2 e5 11. Qc2 Rc8 12. Rfd1 Qe7 13. Nd5 Qf8 14.
Nc3 h6 15. Bh4 a6 16. a3 exd4 17. Nxd4 Ne4 18. Nxe4 Bxe4 19. Bd3 Bxd3 20. Qxd3 Nc5 21. Qc2 f5 22. b4 Ne4 23. f3 Ng5 24. Bf2 Qf7 25.
Qa4 c5 26. Ne2 Qc7 27. Nf4 Kh7 28. Qxa6 Ra8 29. Nd5 Qd8 30. Qxb6 Rxa3 31. bxc5 dxc5 32. Qxc5 Ra2 33. Qb4 Nxf3+ 34. gxf3 Qg5+ 35. Bg3 Rxe3 36. Rd2 Rb3 37. Nf6+ Bxf6 38. Rd7+ Bg7 39. Rxg7+ Kxg7 40. Qxb3 Qxc1+ 0-1

[Event "Late-Titled-Tuesday-Blitz-March-05-2024"]
[Site "Chess.com"]
[Date "2024.03.05"]
[Round "11"]
[White "AldokhinIvan"]
[Black "rdarruda"]
[Result "1/2-1/2"]
[WhiteElo "2676"]
[BlackElo "2549"]
[TimeControl "180+1"]
[EndTime "16:02:11 PST"]
[Termination "Game drawn - insufficient material"]

1. e4 c5 2. Nf3 Nc6 3. d4 cxd4 4. Nxd4 e5 5. Nb5 a6 6. Nd6+ Bxd6 7. Qxd6 Qe7 8. Qxe7+ Ngxe7 9. Nc3 Nb4 10. Kd1 d6 11. a3 Nbc6 12. Be3 Be6 13. Kd2 d5 14.
exd5 O-O-O 15. Re1 Bxd5 16. Kc1 Kc7 17. Nxd5+ Nxd5 18. Bd2 Rhe8 19. c3 f5 20. g3 e4 21. Kc2 Ne5 22. Be2 Nf3 23. Bxf3 exf3 24. Bg5 Rc8 25. c4 Nf6 26. Bxf6 gxf6 27. Re3 Rxe3 28. fxe3 Kd6 29.
Rf1 Ke5 30. Rxf3 Rxc4+ 31. Kd3 Rc1 32. Rf4 Rd1+ 33. Kc2 Re1 34. Kd2 Rb1 35. Kc2 Re1 36.
Rh4 Rxe3 37. Rxh7 b5 38. Re7+ Kd4 39. Rd7+ Ke5 40. Re7+ Kd4 41. Rxe3 Kxe3 42. h4 f4 43. gxf4 Kxf4 44. Kd3 Kg4 45. Ke4 Kxh4 46. Kf5 Kg3 47.
Kxf6 Kf4 48. Ke6 Ke4 49. Kd6 Kd4 50. Kc6 Kc4 51. Kb6 Kb3 52. Kxa6 Kxb2 53. Kxb5 Kxa3 1/2-1/2

[Event "Late-Titled-Tuesday-Blitz-March-05-2024"]
[Site "Chess.com"]
[Date "2024.03.05"]
[Round "11"]
[White "NCchamp"]
[Black "esteban062000"]
[Result "1-0"]
[WhiteElo "2323"]
[BlackElo "2151"]
[TimeControl "180+1"]
[EndTime "16:02:12 PST"]
[Termination "NCchamp won by resignation"]

1. d4 Nf6 2. Bg5 Ne4 3. Bf4 d5 4. f3 Nf6 5. Nc3 e6 6. e4 dxe4 7. fxe4 Bb4 8. Bd3 O-O 9. Nf3 c5 10. Be3 cxd4 11. Bxd4 Nc6 12. Be3 Ng4 13. Bd2 Nce5 14.
Nxe5 Nxe5 15. Qe2 Nxd3+ 16. cxd3 Qh4+ 17. g3 Qe7 18. O-O-O Bd7 19. d4 Rac8 20. Kb1 a6 21. h4 Bxc3 22. Bxc3 Bb5 23. Qf3 Rc4 24. d5 Rfc8 25.
d6 Qd7 26. g4 Bc6 27. Rhe1 b5 28. Qd3 Bb7 29. a3 R8c6 30. Ka1 Rc8 31. g5 R8c6 32. h5 Rc8 33. Re3 g6 34. hxg6 fxg6 35. Rf1 Rf8 36. Rxf8+ Kxf8 37. Qf1+ Qf7 38. Rf3 1-0

[Event "Late-Titled-Tuesday-Blitz-March-05-2024"]
[Site "Chess.com"]
[Date "2024.03.05"]
[Round "11"]
[White "djano"]
[Black "GianmarcoVaR"]
[Result "1-0"]
[WhiteElo "2587"]
[BlackElo "2746"]
[TimeControl "180+1"]
[EndTime "16:02:14 PST"]
[Termination "djano won by resignation"]

1. e4 c5 2. Nc3 d6 3. f4 g6 4. Nf3 Bg7 5. Bc4 Nc6 6. O-O e6 7. d4 cxd4 8. Nb5 Nge7 9. Bb3 O-O 10. Nbxd4 a6 11. c3 b5 12. Be3 Na5 13. Qe1 e5 14.
fxe5 dxe5 15. Ne2 Nxb3 16. axb3 f5 17. Bg5 h6 18. Be3 Bb7 19. exf5 gxf5 20. Bc5 Qc7 21. b4 Rf6 22. Ng3 Re8 23. Qxe5 Qxe5 24. Nxe5 f4 25. Nh5 Rf5 26. Nxg7 Rxe5 27. Nxe8 Nd5 28. Nd6 Bc6 29. Rae1 Rg5 30. Ne4 Rg6 31. Rf2 Ne3 32. Bxe3 fxe3 33. Rxe3 Kg7 1-0

[Event "Late-Titled-Tuesday-Blitz-March-05-2024"]
[Site "Chess.com"]
[Date "2024.03.05"]
[Round "11"]
[White "EsmeraldasAnderson03"]
[Black "Rutricks"]
[Result "0-1"]
[WhiteElo "2534"]
[BlackElo "2716"]
[TimeControl "180+1"]
[EndTime "16:02:16 PST"]
[Termination "Rutricks won by resignation"]

1. d4 g6 2. c4 Bg7 3. Nc3 d6 4. e4 Nd7 5. Be2 e5 6. d5 a5 7.
Be3 Nc5 8. g4 Bh6 9. Qd2 Bxe3 10. Qxe3 Qh4 11. h3 Bd7 12. Nf3 Qe7 13. O-O-O f5 14.
gxf5 gxf5 15. exf5 Bxf5 16. Qg5 Qxg5+ 17. Nxg5 h6 18.
Bh5+ Ke7 19. Nf3 Nf6 20. Nh4 Nd3+ 21. Kc2 Bh7 22. Rxd3 Nxh5 23. Kd2 Bxd3 24. Kxd3 Rag8 25. Ne4 b6 26. a3 Rh7 27. b4 axb4 28. axb4 Rf7 29.
Ke3 Rf4 30. Nf3 Rgf8 31. Nfd2 Nf6 32. Ng3 Nh7 33. f3 Ng5 34. Nh5 Rh4 35. Ng3 Rxh3 36. Rg1 Rf4 37. Ne2 Nxf3 38. Nxf4 exf4+ 39. Kxf4 Nxg1 40. Ne4 Rh4+ 41. Kf5 Rxe4 42. Kxe4 Kf6 0-1

[Event "Late-Titled-Tuesday-Blitz-March-05-2024"]
[Site "Chess.com"]
[Date "2024.03.05"]
[Round "11"]
[White "Arystanner"]
[Black "Heydarli77"]
[Result "1-0"]
[WhiteElo "2843"]
[BlackElo "2431"]
[TimeControl "180+1"]
[EndTime "16:02:17 PST"]
[Termination "Arystanner won by resignation"]

1. e4 c5 2. Nf3 e6 3. c3 d5 4. e5 Nc6 5. d4 Qb6 6. Bd3 cxd4 7.
O-O dxc3 8. Nxc3 Bd7 9. Re1 a6 10.
a3 Nge7 11. b4 Ng6 12. h4 Qc7 13. Qe2 Nxb4 14. axb4 Qxc3 15. Bd2 Qc7 16. h5 Ne7 17. b5 a5 18. Rec1 Qd8 19. Nd4 Nc8 20. Qg4 g6 21. Qh3 g5 22. h6 Be7 23. Ra4 Nb6 24.
Bxa5 Rxa5 25. Rxa5 Nc4 26. Ra7 Nxe5 27. Rxb7 O-O 28. Nc6 Bxc6 29. bxc6 Bd6 30. c7 Qc8 31. Ba6 Nc4 32. Qb3 Bxc7 33. Bxc4 Bf4 34. Rc2 dxc4 35. Rxc4 Qa8 36. g3 Be5 37. Ra4 Qc8 38. Raa7 g4 39. Qd1 Qc4 40. Ra4 Qc6 41. Qxg4+ Kh8 42. Rb1 Rg8 43. Qe4 Qc7 44. Rc4 Qd6 45. Rc6 Qd4 46.
Qxd4 Bxd4 47. Kg2 Bf6 48. Rb7 Rf8 49. Rxf7 1-0

[Event "Late-Titled-Tuesday-Blitz-March-05-2024"]
[Site "Chess.com"]
[Date "2024.03.05"]
[Round "11"]
[White "bancsoo"]
[Black "JoakimVonAnd"]
[Result "1-0"]
[WhiteElo "2886"]
[BlackElo "2707"]
[TimeControl "180+1"]
[EndTime "16:02:19 PST"]
[Termination "bancsoo won by resignation"]

1. d4 c6 2. Nf3 d5 3. g3 Nf6 4.
Bg2 Bf5 5. c4 e6 6. Nc3 Nbd7 7.
Qb3 Qb6 8. c5 Qc7 9. Bf4 Qc8 10.
O-O Be7 11. a4 O-O 12. a5 a6 13. Rfc1 Bd8 14. Bd6 Re8 15. Ne5 Bc7 16. Qa3 Bxd6 17. cxd6 Qb8 18. Na4 Rd8 19. e3 Ra7 20. h3 h6 21. g4 Bh7 22. Nc5 Nf8 23. Nxb7 Rxb7 24. Nxc6 Qxd6 25. Nxd8 Qxd8 26. Rc6 Qb8 27. Rxa6 Rxb2 28.
Ra8 Qxa8 29. Qxb2 Bd3 30. a6 Bxa6 31. Qb6 N8d7 32. Qxa6 Qxa6 33. Rxa6 g5 34. Bf1 Kg7 35. Bd3 Nf8 36. f3 Ng6 37. Bxg6 Kxg6 38. Kf2 h5 39. Ke2 h4 40. Kd3 Nd7 41. e4 Nf6 42.
Rd6 Kg7 43. exd5 Nxd5 44. Rxd5 exd5 45. Kc3 Kf6 46. Kb4 Ke7 47. Kc5 Ke6 48. Kc6 Ke7 49. Kxd5 Kd7 50. Ke5 Ke7 51. Kf5 1-0

[Event "Late-Titled-Tuesday-Blitz-March-05-2024"]
[Site "Chess.com"]
[Date "2024.03.05"]
[Round "11"]
[White "stollenmonster"]
[Black "Harry_Rakkel"]
[Result "1-0"]
[WhiteElo "2901"]
[BlackElo "2728"]
[TimeControl "180+1"]
[EndTime "16:02:21 PST"]
[Termination "stollenmonster won on time"]

1. e4 c5 2. Nf3 e6 3. Be2 Nc6 4. c4 Nf6 5. Nc3 b6 6. O-O Bb7 7. d4 cxd4 8. Nxd4 Nxd4 9. Qxd4 Bc5 10. Qd3 Qb8 11. Bf3 h5 12. e5 Ng4 13. Bxb7 Qxb7 14. Bf4 g5 15. Bxg5 Nxe5 16. Qe2 Ng4 17. Ne4 Rg8 18. h3 f5 19. Nxc5 bxc5 20. f4 Rb8 21. b3 Kf7 22. hxg4 hxg4 23. Qe5 Rg6 24. Kf2 g3+ 25.
Kxg3 Rbg8 26. Rf2 Rxg5+ 27. fxg5 Rxg5+ 28. Kh2 Qc8 29. Rd1 Kg6 30. Rd3 Qe8 31. Rh3 1-0

[Event "Late-Titled-Tuesday-Blitz-March-05-2024"]
[Site "Chess.com"]
[Date "2024.03.05"]
[Round "11"]
[White "NtcPou"]
[Black "Viktor_Poddubnyi"]
[Result "1-0"]
[WhiteElo "2045"]
[BlackElo "2242"]
[TimeControl "180+1"]
[EndTime "16:02:21 PST"]
[Termination "NtcPou won on time"]

1. e4 g6 2. d4 Bg7 3. Nc3 d6 4. Be3 a6 5. Qd2 b5 6. a3 Bb7 7. Nf3 Nd7 8. Be2 c5 9. O-O Ngf6 10. d5 b4 11. axb4 cxb4 12. Na4 a5 13. Bd3 O-O 14.
Bh6 e6 15. c4 bxc3 16. Nxc3 exd5 17. Bxg7 Kxg7 18. exd5 Nb6 19. Nb5 Nbxd5 20. Rfc1 Nb4 21. Rc7 Bxf3 22. gxf3 Nxd3 23. Qxd3 d5 24. Rac1 Qb8 25. Nd6 a4 26. Qd4 a3 27. bxa3 Rxa3 28.
R1c6 1-0

[Event "Late-Titled-Tuesday-Blitz-March-05-2024"]
[Site "Chess.com"]
[Date "2024.03.05"]
[Round "11"]
[White "GoltsevDmitry2000"]
[Black "jlf287"]
[Result "0-1"]
[WhiteElo "2687"]
[BlackElo "2568"]
[TimeControl "180+1"]
[EndTime "16:02:23 PST"]
[Termination "jlf287 won by checkmate"]

1. e4 e5 2. Nf3 Nc6 3. Bb5 a6 4. Ba4 Nf6 5. O-O Be7 6. c3 Nxe4 7.
Bxc6 dxc6 8. Nxe5 O-O 9. d4 Be6 10. Re1 Nd6 11. Nd2 Nf5 12. Ne4 c5 13. Nxc5 Bxc5 14.
dxc5 Qxd1 15. Rxd1 Rfd8 16. Bf4 f6 17. Nf3 c6 18. b3 g5 19. Bd6 Bd5 20. Ne1 Re8 21. c4 Bf7 22. h3 Re2 23. Nf3 Rae8 24. g4 Nh4 25. Nd4 R2e4 26. Bg3 Rxd4 27. Bxh4 Rxd1+ 28. Rxd1 gxh4 29. Rd7 Rb8 30. Rc7 Bg6 31. Kg2 Be4+ 32. f3 Bb1 33. a3 Ba2 34. b4 Bxc4 35. Kf2 Re8 36. Rxb7 Re2+ 37. Kg1 Re3 38. Kf2 Rxa3 39. Rc7 Bd5 40. Rc8+ Kg7 41. Rc7+ Kg6 42. f4 Rf3+ 43. Ke2 Rxf4 44. Ke3 Rf3+ 45. Kd4 Rxh3 46. b5 axb5 47.
Rc8 Rg3 48. Ra8 Rxg4+ 49. Ke3 h3 50. Ra3 h2 51. Ra1 Rg1 52. Ra3 Re1+ 53. Kf4 Re4+ 54. Kg3 h1=Q 55. Rf3 Qg1+ 56. Kh3 Qg4+ 57. Kh2 Re2+ 58.
Kh1 Qg2# 0-1

[Event "Late-Titled-Tuesday-Blitz-March-05-2024"]
[Site "Chess.com"]
[Date "2024.03.05"]
[Round "11"]
[White "Statham_01"]
[Black "ccccvhhhj"]
[Result "1-0"]
[WhiteElo "2579"]
[BlackElo "2469"]
[TimeControl "180+1"]
[EndTime "16:02:23 PST"]
[Termination "Statham_01 won by checkmate"]

1. e4 e6 2. d4 d5 3. Nc3 Bb4 4.
Qg4 Nf6 5. Qxg7 Rg8 6. Qh6 Rg6 7. Qh4 Rg4 8. Qh6 Rg6 9. Qe3 Nxe4 10. Ne2 Nc6 11. a3 Ba5 12. b4 Bb6 13. Nxe4 dxe4 14. Bb2 f5 15. O-O-O Bd7 16. Nf4 Rg8 17. Be2 Qg5 18.
h4 Qe7 19. Bh5+ Kd8 20. Qc3 Qd6 21. g3 Ne7 22. d5 exd5 23. Bf7 d4 24. Qb3 Rf8 25. Be6 Rf6 26. Bxd7 Qxd7 27. Bxd4 Bxd4 28. Rxd4 Rd6 29. Rhd1 a5 30. Qf7 axb4 31. Ne6+ Kc8 32. Qf8+ Qd8 33. Qxd8+ Rxd8 34. Rxd8# 1-0

[Event "Late-Titled-Tuesday-Blitz-March-05-2024"]
[Site "Chess.com"]
[Date "2024.03.05"]
[Round "11"]
[White "Walter_White_Poland"]
[Black "secretsuperstar7"]
[Result "1-0"]
[WhiteElo "2373"]
[BlackElo "2479"]
[TimeControl "180+1"]
[EndTime "16:02:24 PST"]
[Termination "Walter_White_Poland won by resignation"]

1. e4 c5 2. Nf3 d6 3. d4 cxd4 4. Nxd4 Nf6 5. Nc3 Nc6 6. Bg5 e6 7. Qd2 a6 8. O-O-O Bd7 9. f4 b5 10. Bxf6 gxf6 11. f5 b4 12. Nce2 e5 13. Nxc6 Bxc6 14.
Ng3 h5 15. Kb1 Qb6 16. h4 Rd8 17. Be2 d5 18. Nxh5 Be7 19. Qd3 dxe4 20. Qg3 Bd5 21. Qg7 Rf8 22. Qh6 Rd6 23. b3 Kd7 24. Nxf6+ Bxf6 25. Qxf8 Be7 26. Qh8 Bf6 27. Qf8 Be7 28. Qg7 Bf6 29. Qg3 Ke7 30. h5 e3 31. h6 e4 32. h7 Bh8 33. f6+ Kxf6 34. Qg8 Rd8 35. Rh6+ Ke7 36. Rxb6 1-0

[Event "Late-Titled-Tuesday-Blitz-March-05-2024"]
[Site "Chess.com"]
[Date "2024.03.05"]
[Round "11"]
[White "Bkmzzzzz"]
[Black "finec2"]
[Result "1-0"]
[WhiteElo "2392"]
[BlackElo "2217"]
[TimeControl "180+1"]
[EndTime "16:02:24 PST"]
[Termination "Bkmzzzzz won by checkmate"]

1. e4 c5 2. Nf3 e6 3. d3 d5 4. Nbd2 Nc6 5. g3 Nf6 6. Bg2 Be7 7. O-O O-O 8. e5 Nd7 9. Re1 b5 10. Nf1 a5 11. h4 a4 12. a3 b4 13. h5 Re8 14. h6 g6 15. N1h2 Qa5 16.
Ng4 Ba6 17. Bg5 Bf8 18. Qc1 Rac8 19. Qf4 c4 20. Bf1 c3 21. bxc3 bxa3 22. Bf6 Qxc3 23. Ng5 Rc7 24. Bg7 Re7 25. Qf6 Nd4 26. Bxf8 Nxf6 27.
Nxf6+ Kxf8 28. Ngxh7# 1-0

[Event "Late-Titled-Tuesday-Blitz-March-05-2024"]
[Site "Chess.com"]
[Date "2024.03.05"]
[Round "11"]
[White "Vesapesa"]
[Black "protectiago"]
[Result "1-0"]
[WhiteElo "2222"]
[BlackElo "2064"]
[TimeControl "180+1"]
[EndTime "16:02:24 PST"]
[Termination "Vesapesa won on time"]

1. e4 e5 2. Nf3 Nc6 3. Bc4 Bc5 4. d3 Nf6 5. Nc3 h6 6. Be3 Bb6 7. Nd5 O-O 8. c3 Ng4 9. Nxb6 Nxe3 10. fxe3 axb6 11.
O-O d6 12. Qe1 Na5 13. Bb5 c6 14. Ba4 b5 15. Bc2 b6 16. d4 Qe7 17. Nh4 Nc4 18.
Nf5 Bxf5 19. exf5 Qg5 20. Rf3 exd4 21. exd4 Rae8 22. Qf2 Re3 23. f6 Rxf3 24. Qxf3 Ne3 25. fxg7 Re8 26. Bb3 d5 27. Re1 Kxg7 28. h4 Qe7 29.
Qg3+ Kh8 30. Qf4 Kg7 31. Bc2 f5 32. Bxf5 1-0

[Event "Late-Titled-Tuesday-Blitz-March-05-2024"]
[Site "Chess.com"]
[Date "2024.03.05"]
[Round "11"]
[White "howitzer14"]
[Black "Jahonas"]
[Result "1-0"]
[WhiteElo "2986"]
[BlackElo "2385"]
[TimeControl "180+1"]
[EndTime "16:02:25 PST"]
[Termination "howitzer14 won by resignation"]

1. d4 Nf6 2. c4 e6 3. Nc3 Bb4 4. e3 b6 5. Ne2 Bb7 6. a3 Be7 7. d5 O-O 8. Ng3 exd5 9. cxd5 Re8 10. Bc4 d6 11. O-O Nbd7 12. Re1 Bf8 13. e4 a6 14. Nf5 Nc5 15. f3 b5 16. Ba2 g6 17. Nd4 h6 18. Be3 Qd7 19. b4 Na4 20. Nxa4 bxa4 21. Rc1 Bg7 22. Qd2 Kh7 23. Rc2 Re7 24. Rec1 Ne8 25. Bf2 Rc8 26. Nc6 Bxc6 27. Rxc6 Ra8 28. Bb1 Qd8 29. Bd3 Qb8 30. Bxa6 f5 31.
exf5 gxf5 32. Bd3 Rf7 33. Qc2 Kh8 34. Bxf5 Nf6 35. Be6 Re7 36. Rxc7 Rxc7 37. Qxc7 Qe8 38. Qc6 Qe7 1-0